Map: Sequencer LE

Players

ShoWTimE

  • Race: Protoss Protoss
  • Spawn Location: 7:00

ByuN - Winner!

  • Race: Terran Terran
  • Spawn Location: 1:00

Event: HomeStory Cup XV

VOD

Have the link to the VOD?

Description

Time

  • Played on: July 22, 2017, 7:31 a.m.
  • Length: 8:15

All games in this series

Show
View Real Time Build Order
Export as new Build Order

ShoWTimE Protoss 

Build Orders: Oracle Opening 

Get SALT Encoding   

  12  0:00  Probe (Chrono Boost)  
  13  0:11  Probe (Chrono Boost)  
  14  0:17  Pylon  
  14  0:22  Probe (Chrono Boost)  
  15  0:35  Probe (Chrono Boost)  
  16  0:36  Gateway  
  16  0:44  Assimilator  
  16  0:46  Probe (Chrono Boost)  
  17  0:56  Probe (Chrono Boost)  
  18  1:07  Probe (Chrono Boost)  
  19  1:19  Probe (Chrono Boost)  
  19  1:23  Pylon  
  20  1:25  Zealot (Chrono Boost), Cybernetics Core  
  20  1:28  Assimilator  
  20  1:30  Probe (Chrono Boost)  
  23  1:41  Probe  
  24  1:53  Probe  
  25  2:02  Adept (Chrono Boost)  
  25  2:05  Probe  
  25  2:07  Pylon  
  28  2:09  Stargate  
  28  2:18  Probe  
  28  2:27  Adept (Chrono Boost)  
  30  2:30  Probe  
  30  2:31  Warp Gate  
  31  2:47  Probe  
  32  2:52  Oracle (Chrono Boost)  
  35  3:04  Nexus  
  34  3:15  Probe  
  34  3:18  Adept  
  35  3:26  Pylon  
  35  3:27  Probe  
  36  3:38  Gateway  
  36  3:39  Probe  
  35  3:51  Probe  
  35  3:53  Oracle (Chrono Boost)  
  38  4:04  Probe  
  38  4:07  Gateway  
  39  4:16  Probe  
  40  4:22  Probe  
  41  4:27  Phoenix (Chrono Boost)  
  41  4:28  Probe  
  44  4:32  Probe  
  45  4:40  Probe  
  45  4:43  Probe  
  47  4:46  Robotics Facility  
  47  4:52  Probe  
  48  4:53  Probe  
  48  4:54  Phoenix (Chrono Boost)  
  51  5:04  Probe x2  
  53  5:07  Adept  
  53  5:10  Pylon  
  53  5:12  Adept  
  57  5:16  Phoenix (Chrono Boost)  
  57  5:20  Adept  
  61  5:23  Probe  
  61  5:27  Probe  
  63  5:36  Pylon  
  63  5:37  Adept  
  63  5:38  Probe, Phoenix (Chrono Boost)  
  63  5:39  Observer  
  69  5:43  Probe  
  69  5:50  Probe  
  69  5:54  Probe  
  68  6:00  Phoenix (Chrono Boost)  
  68  6:02  Probe  
  68  6:03  Observer  
  72  6:04  Probe  
  73  6:15  Probe x2  
  65  6:25  Probe  
  65  6:27  Probe  
  65  6:29  Nexus  
  65  6:32  Assimilator  
  63  6:34  Twilight Council  
  63  6:35  Assimilator  
  63  6:36  Forge  
  65  6:40  Mothership Core (Chrono Boost)  
  65  6:42  Probe (Chrono Boost)  
  65  6:44  Adept  
  68  6:52  Gateway  
  68  6:54  Gateway  
  68  6:58  Gateway  
  68  7:01  Probe x2 (Chrono Boost)  
  70  7:11  Probe (Chrono Boost)  
  70  7:14  Probe  
  72  7:22  Adept x3  
  76  7:23  Probe  
  76  7:26  Probe  
  78  7:34  Pylon  
  78  7:35  Probe, Gateway  
  58  7:44  Adept x3  
  58  7:45  Probe  
  58  7:46  Probe  
  64  7:53  Probe  
  64  7:55  Probe  
  51  7:58  Probe  
  51  8:06  Adept x2  
Show
View Real Time Build Order
Export as new Build Order

ByuN Terran - Winner!

Build Orders: Cyclone Opening, MMM Bio 

Get SALT Encoding   

  12  0:00  SCV  
  13  0:13  SCV  
  14  0:18  Supply Depot  
  14  0:25  SCV  
  15  0:40  Barracks  
  15  0:41  SCV  
  16  0:47  Refinery  
  16  0:53  SCV  
  17  0:57  Refinery  
  17  1:05  SCV  
  18  1:17  SCV  
  19  1:26  Reaper  
  19  1:29  Orbital Command  
  20  1:41  Supply Depot  
  20  1:51  Factory  
  20  1:56  SCV  
  20  2:00  Reaper  
  22  2:08  SCV  
  23  2:20  SCV  
  24  2:33  SCV  
  24  2:35  Cyclone  
  28  2:38  Starport  
  28  2:45  SCV, Supply Depot  
  29  2:57  SCV  
  30  3:11  Cyclone  
  33  3:13  SCV  
  33  3:16  Starport Tech Lab  
  34  3:21  Supply Depot  
  34  3:28  Command Center  
  34  3:38  Cloaking Field, Banshee  
  37  3:51  SCV, Widow Mine  
  38  4:03  SCV, Barracks  
  38  4:06  Barracks Reactor  
  39  4:10  Barracks  
  39  4:20  SCV  
  39  4:21  Banshee  
  43  4:27  Factory Reactor  
  43  4:28  Factory Tech Lab  
  43  4:32  SCV, Engineering Bay  
  44  4:41  Orbital Command  
  44  4:44  SCV  
  44  4:45  Marine x2  
  46  4:54  Factory Reactor  
  46  4:56  SCV  
  47  5:00  Stimpack, Marine  
  47  5:03  Marine x2  
  47  5:05  Orbital Command  
  50  5:08  SCV  
  50  5:11  Starport Reactor  
  50  5:13  Terran Infantry Weapons Level 1  
  51  5:20  SCV  
  52  5:22  Marine x2  
  52  5:23  Marine x2  
  53  5:32  Missile Turret  
  53  5:35  Bunker  
  54  5:37  SCV x2  
  54  5:40  Supply Depot  
  54  5:41  Combat Shields  
  55  5:43  Marine  
  55  5:45  Marine  
  55  5:47  Marine  
  55  5:49  Marine  
  58  5:51  SCV  
  58  5:55  SCV  
  58  6:02  Marine  
  58  6:03  SCV, Marine  
  61  6:05  Marine  
  61  6:07  SCV, Medivac, Marine  
  66  6:12  Medivac  
  66  6:13  Widow Mine  
  70  6:21  SCV, Marine  
  70  6:22  Marine, SCV  
  70  6:23  Marine  
  70  6:25  Marine, Widow Mine  
  69  6:31  Refinery, Supply Depot  
  69  6:33  SCV  
  69  6:34  SCV  
  69  6:38  Supply Depot  
  69  6:39  Marine  
  72  6:40  Marine  
  72  6:41  Marine  
  72  6:42  Medivac  
  72  6:43  Marine  
  77  6:52  Medivac  
  79  6:54  SCV x2, Supply Depot  
  79  7:00  Marine  
  79  7:01  Marine x3  
  83  7:06  SCV x2, Widow Mine  
  86  7:15  Widow Mine  
  86  7:18  Marine x2  
  89  7:30  Command Center  
  89  7:32  Marauder  
  89  7:34  Marauder  
  89  7:35  Widow Mine  
  94  7:40  Marine  
  94  7:44  Widow Mine  
  95  7:47  SCV  
  98  7:53  Marauder  
  96  8:03  SCV x2  
  96  8:04  Refinery  
Tags
 
Add a new tag
Caveats
  • Supply blocks, unpowered buildings, or Contaminate may cause inaccurate times.
  • Supply counts are checked every 10 seconds.